 Dungeon Crawl Stone Soup version 0.18.1-5-g4a78601 (webtiles) character file.

68 dracos369 the Conjurer (level 4, -13/22 HPs)
             Began as a Vine Stalker Conjurer on May 13, 2016.
             Mangled by a gnoll
             ... wielding a +0 halberd
              (14 damage)
             ... on level 2 of the Dungeon.
             The game lasted 00:05:16 (1522 turns).

dracos369 the Conjurer (Vine Stalker Conjurer)      Turns: 1522, Time: 00:05:16

Health: -13/22     AC:  3    Str: 11    XL:     4   Next: 19%
Magic:  0/9        EV: 12    Int: 15    God:
Gold:   43         SH:  0    Dex: 15    Spells: 1 memorised, 8 levels left

rFire  . . .     SeeInvis .     i - +3 dagger
rCold  . . .     Gourm    .     a - +0 robe
rNeg   . . .     Faith    .     (no shield)
rPois  .         Spirit   +     o - +0 helmet
rElec  .         Dismiss  .     (no cloak)
rCorr  .         Reflect  .     (no gloves)
SustAt .         Harm     .     (no boots)
MR     .....                    (no amulet)
Stlth  ++........               (no ring)
                                (no ring)

@: not resistant to hostile enchantments, unstealthy
A: fangs 2, regeneration 1, magic shield, antimagic bite, no device heal 3, rot
immunity
a: no special abilities


You were on level 2 of the Dungeon.
You were not hungry.

You visited 1 branch of the dungeon, and saw 2 of its levels.

You collected 43 gold pieces.

Inventory:

Hand Weapons
 e - a +2 hand axe of electrocution
 i - a +3 dagger (weapon)
Armour
 a - a +0 robe (worn)
 o - a +0 helmet (worn)
Wands
 m - a wand of confusion (1/48)
Scrolls
 g - a scroll of remove curse {unknown}
 j - a scroll of blinking {unknown}
 q - a scroll of identify {unknown}
 r - a scroll of enchant weapon {unknown}
Potions
 h - a potion of heal wounds {unknown}
 k - a potion of cancellation {unknown}
 n - 3 potions of flight {unknown}
Books
 b - a book of Conjurations

   Spells                             Type                      Level
   a - Magic Dart                     Conjuration                  1
   b - Searing Ray                    Conjuration                  2
   c - Dazzling Spray                 Conjuration/Hexes            3
   d - Fulminant Prism                Conjuration/Hexes            4
   e - Iskenderun's Mystic Blast      Conjuration                  4
   f - Iskenderun's Battlesphere      Conjuration/Charms           5
Comestibles
 c - 2 bread rations
 d - 7 chunks of flesh
 f - 2 meat rations
 l - a slice of pizza
 p - a beef jerky


   Skills:
 + Level 1.2 Fighting
 + Level 0.1 Short Blades
 + Level 1.9 Dodging
 - Level 2.4 Stealth
 + Level 3.2 Spellcasting
 + Level 4.4 Conjurations


You had 8 spell levels left.
You knew the following spells:

 Your Spells              Type           Power        Failure   Level  Hunger
a - Magic Dart            Conj           ###.         3%          1    #......


Dungeon Overview and Level Annotations

Branches:
Dungeon (2/15)

Altars:
Nemelex Xobeh


Innate Abilities, Weirdness & Mutations

You have extremely sharp teeth.
Your natural rate of healing is unusually fast.
When hurt, damage is shared between your health and your magic reserves.
Your bite disrupts and absorbs the magic of your enemies.
Potions and wands cannot restore your health.
You are immune to rotting.


Message History

You are too injured to fight recklessly!
You barely miss the gnoll. You bite the gnoll, but do no damage.
The gnoll is heavily wounded.
Evoke which item? (* to show all) (? for menu, Esc to quit)
Zapping:
m - a wand of confusion {zapped: 7} (will waste charges)
Press: ? - help, Shift-Dir - straight line, f - gnoll
Aim: a gnoll, wielding a halberd of protection (chance to defeat MR: 54%)
The gnoll appears confused.
Evoking this partially-identified wand wasted a few charges.
You are too injured to fight recklessly!
The gnoll closely misses you.
You hit the gnoll but do no damage.
The gnoll hits you from afar with a halberd!
* * * LOW HITPOINT WARNING * * *
You hit the gnoll but do no damage. You bite the gnoll. You drain its power.
You feel invigorated.
The gnoll is lightly wounded.
The gnoll hits you from afar with a halberd!
Ouch! That really hurt!
You die...

'........#.....#.######
#.##.###.#.....#....... #
#.#.....#..#####
#.###.###..#...#
#..........#...#
#.###..##...#..#...#
#...........#..#...# .
###########.##...#..#.... ..
#.......@...........##.##
...##.####.g####.#####.###...
.........#.g# #.## #...<....
#......g.#..# ##..###..#.....
#...........# #...).#..#.....
#........##.#####...#..#.....
#........##............#.....
#........#........[###.#.....
#........#..........##.#.....


You could see 2 gnolls.

Vanquished Creatures
  An adder (D:2)
  2 gnolls
  4 dart slugs
  A giant gecko (D:1)
  A ball python (D:1)
  A giant cockroach (D:1)
  6 goblins
  3 hobgoblins
  2 jackals (D:1)
  4 bats
  2 giant newts (D:1)
  A kobold (D:1)
  4 rats
32 creatures vanquished.

Notes
Turn   | Place    | Note
--------------------------------------------------------------
     0 | D:1      | dracos369 the Vine Stalker Conjurer began the quest for the Orb.
     0 | D:1      | Reached XP level 1. HP: 9/9 MP: 4/4
   107 | D:1      | Found a sparkling altar of Nemelex Xobeh.
   177 | D:1      | Reached XP level 2. HP: 11/13 MP: 6/6
   620 | D:1      | Reached XP level 3. HP: 16/17 MP: 8/8
   989 | D:1      | Reached skill level 1 in Fighting
  1210 | D:2      | Reached XP level 4. HP: 18/22 MP: 6/9
  1521 | D:2      | HP: 1/22 [gnoll/halberd (6)]
  1522 | D:2      | Mangled by a gnoll

Skill      XL: |  1  2  3 |
---------------+----------+-----
Spellcasting   | 3 |  3.2
Fighting       | 1 |  1.2
Short Blades   | |  0.1
Dodging        | |  1.9
Stealth        | |  2.4
Conjurations   | |  4.4

Action                   |  1- 3 |  4- 6 || total
-------------------------+-------+-------++-------
Melee: Hand axe          |    14 |       ||    14
       Dagger            |    37 |    28 ||    65
       Bite              |     8 |    13 ||    21
 Cast: Magic Dart        |    22 |     7 ||    29
Evoke: Wand              |       |     4 ||     4
 Stab: Sleeping          |     1 |       ||     1
  Eat: Chunk             |     1 |     1 ||     2
Armor: Robe              |    11 |     6 ||    17
Dodge: Dodged            |    32 |     7 ||    39
